 Dungeon Crawl Stone Soup version 0.30-a0-879-ga8ba668304 (webtiles) character file.

Game seed: 5714102425099758480

45 gelatine the Chopper (level 3, -2/27 HPs)
             Began as a Demonspawn Gladiator on Mar 13, 2023.
             Slain by Jessica
             ... wielding a +0 dagger
              (6 damage)
             ... on level 3 of the Dungeon.
             The game lasted 00:04:38 (1686 turns).

gelatine the Chopper (Demonspawn Gladiator)         Turns: 1686, Time: 00:04:39

Health: -2/27      AC:  6    Str: 16    XL:     3   Next: 42%
Magic:  3/3        EV: 12    Int:  9    God:
Gold:   66         SH:  0    Dex: 14    Spells: 2/2 levels left

rFire   + . .      SeeInvis .    a - +0 war axe
rCold   + . .      Faith    .    (no shield)
rNeg    . . .      Spirit   .    g - +0 ring mail
rPois   .          Reflect  .    p - +0 helmet
rElec   .          Rampage  .    j - scarf {rC+ rF+}
rCorr   .                        (no gloves)
Will    .....                    (no boots)
Stlth   +                        (no amulet)
HPRegen 0.24/turn                (no ring)
MPRegen 0.08/turn                (no ring)

@: no status effects
A: sturdy frame 1, weakness stinger 1
a: no special abilities


You were on level 3 of the Dungeon.
You visited 1 branch of the dungeon, and saw 3 of its levels.

You collected 66 gold pieces.

Inventory:

Hand Weapons
 a - a +0 war axe (weapon)
Missiles
 b - 2 atropa-tipped darts (quivered)
 n - a javelin
 r - 3 boomerangs
 w - 6 poisoned darts
Armour
 c - a +0 helmet
 g - a +0 ring mail (worn)
 j - a scarf of resistance (worn)
 o - a +0 chain mail
 p - a +0 helmet (worn)
Scrolls
 e - a scroll of brand weapon {unknown}
 l - 3 scrolls of identify {unknown}
 m - a scroll of blinking {unknown}
 q - a scroll of vulnerability {unknown}
 u - a scroll of amnesia {unknown}
 v - a scroll of poison {unknown}
Potions
 d - a potion of heal wounds {unknown}
 f - a potion of mutation {unknown}
 h - a potion of brilliance {unknown}
 i - a potion of degeneration {unknown}
 k - a potion of berserk rage {unknown}
 s - a potion of might {unknown}
 t - a potion of ambrosia {unknown}


   Skills:
 * Level 2.2 Fighting
 * Level 3.5 Axes
 + Level 1.8 Throwing
 * Level 0.6 Armour
 * Level 2.9 Dodging


You had 2 spell levels left.
You didn't know any spells.
Your spell library was empty.

Dungeon Overview and Level Annotations

Branches:
Dungeon (3/15)

Altars:

Annotations:
D:3 Jessica


Innate Abilities, Weirdness & Mutations

Your movements are slightly less encumbered by armour. (ER -2)
You have a small tail.


Message History

u - a scroll labelled TILAYQ VEDIBI
Things that are here:
a +0 dagger; 6 poisoned darts; a kobold skeleton
v - a scroll labelled RYGHAU HIMAF
Things that are here:
a +0 dagger; 6 poisoned darts; a kobold skeleton
w - 6 poisoned darts Jessica the Apprentice Sorceress comes into view.
She is wielding a +0 dagger and carrying a wand of flame (14).
Jessica shouts!
Jessica mumbles some strange words.
Jessica blinks!
You barely miss Jessica.
Jessica zaps a wand.
The puff of flame hits you. You resist.
You hit Jessica but do no damage. Jessica gestures at you while chanting.
Pain shoots through your body!
* * * LOW HITPOINT WARNING * * *
You closely miss Jessica. Jessica closely misses you.
Jessica hits you but does no damage.
You hit Jessica.
Jessica is moderately wounded.
Jessica gestures wildly while chanting.
Jessica seems to speed up.
You barely miss Jessica.
Jessica is moderately wounded.
Jessica completely misses you. Jessica hits you but does no damage.
You hit Jessica.
Jessica is heavily wounded.
Jessica zaps a wand.
The puff of flame hits you. You resist.
* * * LOW HITPOINT WARNING * * *
Jessica misses you.
You hit Jessica.
Jessica is severely wounded.
Jessica completely misses you.
Jessica zaps a wand.
The puff of flame hits you. You resist.
* * * LOW HITPOINT WARNING * * *
You barely miss Jessica.
Jessica is severely wounded.
Jessica barely misses you. Jessica hits you with a +0 dagger.
You die...

...##.###.........#
#.... #.......>......#
#.... #..#...........#
#.... #..#<...........
#.... #..#...........)
#.... #..#.#.#.......#
#.... #..#.#.#>#......
#....##..#.#.#+###....
#...@@................
#....####.###....#....
.......
#..........#....
.....##
#.#.###....#.#.. .....
##.#...#....#.#.. ....
...........#.......
...
...........#...####
...
...........#.......
...........#...####


You could see Jessica (fast).

Vanquished Creatures
  An adder (D:2)
  A worm (D:2)
  2 dart slugs
  3 giant cockroaches
  4 goblins
  3 hobgoblins
  4 ball pythons
  3 bats
  4 frilled lizards
  3 kobolds
  3 rats
31 creatures vanquished.

Notes
Turn   | Place    | Note
-------+----------+-------------------------------------------
     0 | D:1      | gelatine the Demonspawn Gladiator began the quest for the
                  | Orb.
     0 | D:1      | Reached XP level 1. HP: 16/16 MP: 1/1
   421 | D:1      | Reached skill level 3 in Axes
   462 | D:1      | Gained mutation: Your movements are slightly less
                  | encumbered by armour. (ER -2) [demonic ancestry]
   462 | D:1      | Reached XP level 2. HP: 22/22 MP: 2/2
  1037 | D:2      | Gained mutation: You have a small tail. [demonic ancestry]
  1037 | D:2      | Reached XP level 3. HP: 26/27 MP: 3/3
  1678 | D:3      | Noticed Jessica
  1686 | D:3      | Slain by Jessica

Illustrated notes

Levels and vault maps discovered:
D:1:      moated_graveyard_arrival, layout_loops_corners, minmay_pentomino_t2
D:2:      layout_rooms, basic_altar
D:3:      layout_basic, uniq_natasha, uniq_jessica

Skill      XL: |  1 |
---------------+----+-----
Axes           | 3 |  3.5
Fighting       | |  2.2
Throwing       | |  1.8
Armour         | |  0.6
Dodging        | |  2.9

Action                     || total
---------------------------++-------
  Melee: War axe           ||    71
         Tailslap          ||     5
  Throw: Stone             ||     9
         Throwing net      ||     6
         Javelin           ||     4
         Dart              ||     7
 Armour: Leather armour    ||    10
         Ring mail         ||    21
  Dodge: Dodged            ||    52

Table legend: (Time is in decaauts)
 A = Elapsed time spent in this place.
 B = Non-inter-level travel time spent in this place.
 C = Inter-level travel time spent in this place.
 D = Time resting spent in this place.
 E = Time spent auto-exploring this place.
 F = Levels seen in this place.
 G = Mean time per level.
                   A        B        C        D        E       F      G
               +--------+--------+--------+--------+--------+-----+--------+
         Total |   1709 |   1639 |     70 |      0 |   1285 |   3 |  569.7 |
       Dungeon |   1709 |   1639 |     70 |      0 |   1285 |   3 |  569.7 |
               +--------+--------+--------+--------+--------+-----+--------+

Top non-repeatable levels by time:
     D:1: 835 daAuts
     D:2: 476 daAuts
     D:3: 398 daAuts
